 Dungeon Crawl Stone Soup version 0.23.2-30-g0e89c35649 (webtiles) character file.

Game seed: 10652617626506204153

170 troglodite the Gusty (level 5, -1/41 HPs)
             Began as a Draconian Air Elementalist on June 20, 2019.
             Was an Initiate of the Shining One.
             Slain by Terence
             ... wielding a +3 falchion of electrocution
              (15 damage)
             ... on level 3 of the Dungeon on June 21, 2019.
             The game lasted 00:17:28 (2847 turns).

troglodite the Gusty (Draconian Air Elementalist)   Turns: 2847, Time: 00:17:29

Health: -1/41      AC:  6    Str: 10    XL:     5   Next: 26%
Magic:  7/9        EV: 12    Int: 17    God:    the Shining One [......]
Gold:   93         SH:  2    Dex: 11    Spells: 3/9 levels left

rFire    . . .     SeeInvis .   o - +3 short sword
rCold    . . .     Gourm    .   (no shield)
rNeg     . . .     Faith    .   (armour unavailable)
rPois    .         Spirit   .   (helmet restricted)
rElec    .         Reflect  +   d - +0 cloak
rCorr    .         Harm     .   (no gloves)
MR       .....                  (no boots)
Stlth    +.........             a - +2 amulet of reflection
HPRegen  0.13/turn              l - ring of wizardry
MPRegen  0.11/turn              (no ring)

@: glowing
A: unfitting armour, cold-blooded, AC +5
a: Renounce Religion


You were on level 3 of the Dungeon.
You worshipped the Shining One.
The Shining One was noncommittal.
You were not hungry.

You visited 1 branch of the dungeon, and saw 3 of its levels.

You collected 93 gold pieces.

Inventory:

Hand Weapons
 h - a +0 club
 o - a +3 short sword (weapon)
Armour
 d - a +0 cloak (worn)
Jewellery
 a - a +2 amulet of reflection (around neck)
 l - a ring of wizardry (left hand)
Scrolls
 c - a scroll of remove curse
 e - 2 scrolls of amnesia {unknown}
 i - a scroll of teleportation
 k - 3 scrolls of identify {unknown}
Potions
 g - a potion of heal wounds
 j - a potion of haste {unknown}
 m - a potion of ambrosia {unknown}
 n - a potion of brilliance {unknown}
 p - 2 potions of curing {unknown}
Comestibles
 b - 5 rations
 f - 5 chunks of flesh


   Skills:
 * Level 1.9 Fighting
 + Level 0.2 Short Blades
 + Level 0.7 Maces & Flails
 + Level 2.1 Dodging
 + Level 1.9 Stealth
 * Level 2.9 Spellcasting
 * Level 1.8 Conjurations
 * Level 1.0 Charms
 * Level 4.0 Air Magic


You had 3 spell levels left.
You knew the following spells:

 Your Spells              Type           Power        Failure   Level  Hunger
a - Shock                 Conj/Air       ##..         2%          1    None
b - Swiftness             Chrm/Air       ##......     4%          2    ##.....
c - Static Discharge      Conj/Air       ##......     6%          3    ###....

Your spell library contained the following spells:

 Spells                   Type           Power        Failure   Level  Hunger
 Airstrike                Air            ###.......   13%         4    ####...
 Lightning Bolt           Conj/Air       ##........   47%         5    ######.


Dungeon Overview and Level Annotations

Branches:
Dungeon (3/15)

Altars:
Elyvilon
Sif Muna
The Shining One

Annotations:
D:3 Terence


Innate Abilities, Weirdness & Mutations

Your plain brown scales are hard. (AC +5)
You cannot fit into any form of body armour.
You are cold-blooded and may be slowed by cold attacks.


Message History

Casting: Shock (safe; 2% risk of failure)
Confirm with . or Enter, or press ? or * to list all spells.
Aiming: Shock (safe; 2% risk of failure)
Press: ? - help, Shift-Dir - straight line, f/p - Terence
Aim: Terence, wielding a +3 falchion of electrocution and wearing a +2 chain mail of fire resistance (severely wounded)
The zap hits Terence but does no damage.
Terence is severely wounded.
Terence closely misses you.
You hit Terence but do no damage.
Terence is severely wounded.
Terence barely misses you.
Casting: Shock (safe; 2% risk of failure)
Confirm with . or Enter, or press ? or * to list all spells.
Aiming: Shock (safe; 2% risk of failure)
Press: ? - help, Shift-Dir - straight line, f/p - Terence
Aim: Terence, wielding a +3 falchion of electrocution and wearing a +2 chain mail of fire resistance (severely wounded)
The zap hits Terence.
Terence is almost dead.
Terence hits you but does no damage.
You are electrocuted!
You die...

P.###P≈≈≈.P#####.#
≈.PP#P≈≈PP.# #.#
♣≈PPPP≈♣P).# #.#
≈≈PPPP♣P≈#.# #.#
≈≈♣P♣♣≈≈.#.#####.##
≈♣≈♣≈≈≈≈.#........#
P♣≈♣≈≈P≈..######..#
P≈≈≈≈≈P.#.# #@.#
PP≈≈≈P..#.### #@.#
.≈P≈P.P.....# #..#
#PPP.≈#.###.####..#
###.###.# #.......#
#.....###.#####.#
#####.....# #.#
########.### #.#
#........# #.#
#.######## #.#


You could see Terence.

Vanquished Creatures
  An orc priest (D:3)
  An orc wizard (D:3)
  3 adders (D:2)
  A worm (D:3)
  3 dart slugs
  3 leopard geckos
  4 orcs (D:3)
  4 giant cockroaches
  5 goblins
  7 hobgoblins
  8 jackals (D:1)
  5 quokkas
  5 bats
  3 frilled lizards
  6 kobolds
  6 rats
65 creatures vanquished.

Vanquished Creatures (others)
  3 plants (D:3)
3 creatures vanquished.

Grand Total: 68 creatures vanquished

Notes
Turn   | Place    | Note
-------+----------+-------------------------------------------
     0 | D:1      | troglodite the Draconian Air Elementalist began the quest
                  | for the Orb.
     0 | D:1      | Reached XP level 1. HP: 14/14 MP: 3/3
   409 | D:1      | Reached XP level 2. HP: 16/22 MP: 5/5
   414 | D:1      | Learned a level 2 spell: Swiftness
   769 | D:1      | Reached skill level 1 in Fighting
   922 | D:1      | Reached XP level 3. HP: 25/28 MP: 2/6
  1244 | D:1      | Learned a level 3 spell: Static Discharge
  1756 | D:2      | Found a deep blue altar of Sif Muna.
  1829 | D:2      | Reached XP level 4. HP: 35/35 MP: 2/8
  1939 | D:2      | Found a white marble altar of Elyvilon.
  1939 | D:2      | Found a glowing golden altar of the Shining One.
  1946 | D:2      | Became a worshipper of the Shining One
  2218 | D:3      | Reached skill level 1 in Charms
  2218 | D:3      | Reached XP level 5. HP: 25/41 MP: 2/9
  2623 | D:3      | Reached skill level 4 in Air Magic
  2775 | D:3      | Noticed Terence
  2847 | D:3      | Slain by Terence

Skill      XL: |  1  2  3  4  5 |
---------------+----------------+-----
Fighting       | 1 |  1.9
Dodging        | 2 |  2.1
Charms         | 1 |  1.0
Air Magic      | 4 |  4.0
Short Blades   | |  0.2
Maces & Flails | |  0.7
Stealth        | |  1.9
Spellcasting   | |  2.9
Conjurations   | |  1.8

Action                   |  1- 3 |  4- 6 || total
-------------------------+-------+-------++-------
Melee: Dagger            |   104 |       ||   104
       Unarmed           |    10 |       ||    10
       Tailslap          |    14 |     8 ||    22
       Club              |    32 |    68 ||   100
       Short sword       |       |    14 ||    14
 Cast: Shock             |    45 |    49 ||    94
  Use: Potion            |       |     1 ||     1
       Scroll            |       |     2 ||     2
 Stab: Sleeping          |     1 |       ||     1
  Eat: Chunk             |     4 |     3 ||     7
Armor: Skin              |    84 |    30 ||   114
Dodge: Dodged            |   157 |    83 ||   240
Block: Other             |     9 |     9 ||    18
